[Event "*** Titled Tuesday 3|2 Blitz"]
[Site "Chess.com"]
[Date "2015.08.04"]
[Round "1"]
[White "ViktoriaGloriam"]
[Black "GMHess"]
[Result "0-1"]
[WhiteElo "2173"]
[BlackElo "2537"]
[TimeControl "180+2"]
[EndTime "11:39:39 PDT"]
[Termination "GMHess won by resignation"]

1. e4 g6 2. d4 Bg7 3. Nc3 d6 4. f4 Nf6 5. Nf3 O-O 6. Be3 c6 7. Qd2 b5 8. Bd3 Na6 9. e5 Ne8 10. h4 Nb4 11. h5 Nxd3+ 12. Qxd3 Nc7 13. hxg6 hxg6 14. O-O-O Bf5 15. Qe2 b4 16. Qf2 bxc3 17.
Qh4 cxb2+ 18. Kb1 f6 19. g4 Be4 20. f5 Kf7 21. e6+ Nxe6 22. fxe6+ Kxe6 23. d5+ cxd5 24. Nd4+ Kd7 25. Rhe1 Rh8 26. Qf2 e5 27. Nb3 Qc7 28.
Bc5 dxc5 29. Rxe4 d4 30. Qe2 Ke7 31. Qc4 Rac8 32. Rde1 Qd6 33. R4e2 Qe6 34. Qa4 Qd7 35. Qc4 Rc7 36. g5 Qe6 37. Qb5 f5 38. Qa5 Qb6 39.
Qa3 e4 40. Rd2 Rh3 41. Rf2 Qb4 42. Qa6 Qb6 43. Qc4 Qe6 44. Qb5 c4 45. Qa5 Qb6 46.
Qa3+ Kf7 47. Nd2 Rxa3 48. Nxe4 Rxa2 49. Kxa2 Qa5+ 0-1

[Event "*** Titled Tuesday 3|2 Blitz"]
[Site "Chess.com"]
[Date "2015.08.04"]
[Round "1"]
[White "rhungaski"]
[Black "Haykos"]
[Result "0-1"]
[WhiteElo "2494"]
[BlackElo "2182"]
[TimeControl "180+2"]
[EndTime "11:39:39 PDT"]
[Termination "Haykos won by resignation"]

1. d4 g6 2. Nf3 Bg7 3. c4 d6 4. Nc3 e5 5. dxe5 dxe5 6. Qxd8+ Kxd8 7. Bd2 f6 8. O-O-O Nd7 9. g4 c6 10. Ne4 Kc7 11. Bb4 Bf8 12. Bd6+ Bxd6 13. Nxd6 Ne7 14. e3 Nc5 15. g5 Bg4 16. Be2 f5 17. Nf7 e4 18.
Nd4 Bxe2 19. Nxe2 Rhf8 20. Ne5 a5 21. Nf4 Rad8 22. b3 Rd6 23. Rd4 Nc8 24. Rhd1 Re8 25.
Nf7 Rd7 26. Rxd7+ Nxd7 27. Kc2 Re7 28. Nh6 Nd6 29. Ng8 Re8 30. Nh6 b6 31. h4 Ne5 32.
h5 Nf3 33. hxg6 hxg6 34. Nxg6 Nxg5 35. Nf4 Ngf7 36. Rg1 Nxh6 37. Rg6 Nhf7 38. c5 bxc5 39. Ne6+ Kb6 40. Nf4 Rh8 41. a4 Rh2 42. Rg8 Rxf2+ 43. Kc3 Rf3 44. Kd2 c4 45. Ne6 cxb3 46. Nd4 b2 47. Rb8+ Nb7 48. Kc2 Rxe3 49. Kxb2 f4 50. Rf8 Nbd6 51. Rb8+ Kc7 52. Rg8 f3 53. Rg6 Ne5 54. Ne6+ Kb6 55. Rf6 f2 56. Ng5 Ndc4+ 57. Kc2 Nf3 58. Nxe4 f1=Q 0-1

[Event "*** Titled Tuesday 3|2 Blitz"]
[Site "Chess.com"]
[Date "2015.08.04"]
[Round "1"]
[White "Ar4uha"]
[Black "ER404"]
[Result "1-0"]
[WhiteElo "2406"]
[BlackElo "2021"]
[TimeControl "180+2"]
[EndTime "11:39:47 PDT"]
[Termination "Ar4uha won by resignation"]

1. e4 c6 2. Nc3 d5 3. Qe2 d4 4. Nd1 e5 5. g3 Bd6 6. d3 Qc7 7. Bh3 Bxh3 8. Nxh3 Ne7 9. f4 f6 10. O-O Nd7 11. fxe5 Nxe5 12. Nf4 Qd7 13. Nf2 O-O-O 14.
Qh5 g6 15. Qh3 Qxh3 16. N2xh3 Kd7 17. Bd2 Rhf8 18. Kg2 c5 19. b3 N7c6 20. Nd5 Be7 21. Bh6 Rf7 22. Rf2 Ke6 23. Raf1 g5 24. Nxe7 Kxe7 25. Nxg5 fxg5 26. Bxg5+ Ke6 27. Bxd8 Nxd8 28. Rxf7 Ndxf7 29. h3 b5 30. g4 c4 31. bxc4 bxc4 32.
dxc4 Nxc4 33. Kg3 Nfd6 34. Kf4 Ne3 35. Rf2 Nb5 36. g5 a5 37. h4 a4 38. h5 Nd6 39.
g6 hxg6 40. hxg6 Ne8 41. e5 Ng7 42. Ke4 Nef5 43. Rf4 Ng3+ 44. Kf3 N3h5 45. Rxd4 Kxe5 46. Rxa4 Nf5 47. Kg4 Nhg7 48. Kg5 Nd4 49. Ra5+ Kd6 50. Kh6 Ngf5+ 51. Kh7 Kc6 52. g7 Nxg7 53. Kxg7 Nxc2 54. Kf6 Kb6 55. Rh5 Nd4 56. Ke5 Nc6+ 57. Ke4 Nb4 58. a3 Nc2 59. a4 Nb4 60. Rb5+ 1-0

[Event "*** Titled Tuesday 3|2 Blitz"]
[Site "Chess.com"]
[Date "2015.08.04"]
[Round "1"]
[White "hellokostya"]
[Black "ChadaevNikolay"]
[Result "0-1"]
[WhiteElo "2223"]
[BlackElo "2640"]
[TimeControl "180+2"]
[EndTime "11:39:49 PDT"]
[Termination "ChadaevNikolay won by resignation"]

1. d4 Nf6 2. c4 e6 3. Nc3 Bb4 4. Qc2 O-O 5. Nf3 b6 6. e4 Bb7 7. Bd3 h6 8. Bd2 c5 9. d5 exd5 10.
exd5 Re8+ 11. Ne2 b5 12. b3 bxc4 13. bxc4 Na6 14. O-O Bxd2 15. Qxd2 Nb4 16. Ng3 Nxd3 17. Qxd3 d6 18. Rfe1 Qd7 19. h3 Ba6 20. Nf5 Kf8 21. Nd2 Rab8 22. Ne3 Qc7 23. Qa3 Rb6 24. Rab1 Bc8 25. Rb3 Nd7 26. Reb1 Ra6 27. Qb2 Ne5 28. Qc2 Kg8 29. R3b2 Ra3 30. Ne4 Qe7 31. Ng3 Qg5 32. Rb8 Rxe3 33. fxe3 Qxg3 34. Qe4 g6 35. Rf1 Kg7 36. Qf4 Qxf4 37. Rxf4 g5 38. Rf1 Nxc4 39. Ra8 Nb6 40. Rxa7 Rf8 41. e4 Nc4 42. a4 Nd2 43.
Re1 c4 44. Re2 c3 45. Rc7 Ba6 46. Re1 Rb8 47. Rxc3 Rb4 48. a5 Nxe4 49. Rc6 Bd3 50. Rc7 Ra4 51. Ra7 Nc5 52. Ree7 Bg6 53. Rec7 Ra1+ 54.
Kh2 Ra2 55. Ra8 Be4 56. Kg1 Rxg2+ 57. Kf1 Ra2 58. Rd8 Rxa5 59. Rxd6 Bg6 60. Rdc6 Ne4 61. d6 Rd5 62. d7 Nf6 0-1

[Event "*** Titled Tuesday 3|2 Blitz"]
[Site "Chess.com"]
[Date "2015.08.04"]
[Round "1"]
[White "IMRosen"]
[Black "Tal-Baronfew"]
[Result "0-1"]
[WhiteElo "2233"]
[BlackElo "2666"]
[TimeControl "180+2"]
[EndTime "11:39:54 PDT"]
[Termination "Tal-Baronfew won on time"]

1. e4 e5 2. Nf3 Nc6 3. c3 d5 4. Qa4 f6 5. Bb5 Ne7 6. exd5 Qxd5 7. O-O e4 8. c4 Qh5 9. Re1 exf3 10. Bxc6+ bxc6 11. Qxc6+ Kd8 12. Qxa8 Nf5 13. Qxf3 Qxf3 14. gxf3 Nd4 15. d3 Nxf3+ 16. Kf1 Bh3+ 17. Ke2 Bg4 18. Be3 Nxh2+ 19. Kd2 Nf3+ 20. Kd1 Nxe1+ 21. Kxe1 h5 22. Nd2 h4 23. f3 Bf5 24. Ne4 a6 25. Kf2 Kd7 26. Rh1 Ke6 27. d4 c6 28. b3 Be7 29.
Nc3 g5 30. Ne2 Bg6 31. Nc3 Bb4 32. Ne4 Bxe4 33. fxe4 Bd6 34. Kf3 h3 35. Bf2 f5 36.
e5 Bb4 37. Kg3 g4 38. Be3 Bc3 39. Kf4 Rh5 40. Rd1 h2 41. d5+ cxd5 42. cxd5+ Kd7 43.
Rh1 Rh3 44. e6+ Kd6 45. Ba7 Rf3+ 46. Kg5 g3 47. Kh4 Kxd5 48. e7 Bf6+ 49. Kh3 Bxe7 50. Rd1+ Ke4 51. Kg2 Bf6 52. Re1+ Kf4 0-1

[Event "*** Titled Tuesday 3|2 Blitz"]
[Site "Chess.com"]
[Date "2015.08.04"]
[Round "1"]
[White "Carolina-moon"]
[Black "Storne89"]
[Result "0-1"]
[WhiteElo "1992"]
[BlackElo "2392"]
[TimeControl "180+2"]
[EndTime "11:39:57 PDT"]
[Termination "Storne89 won on time"]

1. e4 e5 2. Nf3 Nc6 3. Bb5 a6 4. Bxc6 dxc6 5. O-O f6 6. d4 exd4 7. Nxd4 c5 8. Nb3 Qxd1 9. Rxd1 Bg4 10. f3 Bd7 11.
Bf4 O-O-O 12. Nc3 Bc6 13. Rxd8+ Kxd8 14. Rd1+ Kc8 15. Nd5 Bxd5 16. Rxd5 b6 17. a4 Ne7 18. Rd1 Nc6 19. c3 c4 20. Nd2 Bc5+ 21. Kf1 Na5 22. Ke2 Kb7 23. Nf1 Kc6 24. Be3 Bd6 25. g3 b5 26.
axb5+ axb5 27. Ra1 Nb3 28. Ra6+ Kd7 29. Nd2 Nc1+ 30.
Kd1 Nd3 31. Kc2 Nc5 32. Bxc5 Bxc5 33. b3 cxb3+ 34. Nxb3 Bg1 35. h3 Rb8 36. Kd3 b4 37. c4 Rd8 38. c5 Bf2 39. g4 h5 40. Kc4 hxg4 41. hxg4 Ke7 42. Ra7 Kd7 43. Kd5 Rb8 44. c6+ Kc8 45. Ra4 Kd8 46. f4 Ke7 47. e5 fxe5 48.
Kxe5 Rb5+ 49. Ke4 Kd6 50. Ra6 Bb6 51. Kd3 Rd5+ 52. Ke4 Kxc6 0-1

[Event "*** Titled Tuesday 3|2 Blitz"]
[Site "Chess.com"]
[Date "2015.08.04"]
[Round "1"]
[White "Keaton87"]
[Black "drifblim"]
[Result "1-0"]
[WhiteElo "2438"]
[BlackElo "2040"]
[TimeControl "180+2"]
[EndTime "11:40:00 PDT"]
[Termination "Keaton87 won by resignation"]

1. d4 Nf6 2. Nf3 e6 3. Bg5 d5 4. e3 Be7 5. Bd3 O-O 6. O-O h6 7. Bh4 c5 8. c3 Nc6 9. Nbd2 Nd7 10. Bxe7 Qxe7 11. Qe2 f5 12. c4 Nb4 13. cxd5 Nxd5 14. Rac1 b6 15. Nc4 Bb7 16. Rfd1 Nb4 17. Bb1 cxd4 18.
Nxd4 Rae8 19. Nb5 Bd5 20. Nc7 Rc8 21. Nxd5 Nxd5 22. Qd2 Qg5 23. Qd4 f4 24. Be4 fxe3 25.
Nxe3 Rxc1 26. Rxc1 Nf4 27. h4 Nh3+ 28. Kh2 Qf4+ 29. Kxh3 Qxf2 30. Rc3 Nf6 31. Bf3 e5 32. Qc4+ Kh8 33. Ng4 Qg1 34. Nxf6 Qh1+ 35. Kg3 gxf6 36. Kf2 Qh2 37. Qe4 f5 38. Qc6 Qxh4+ 39. Ke2 e4 40.
Qe6 exf3+ 41. Rxf3 Qh5 42. Kf2 Re8 43. Qf6+ Kh7 44.
Qxf5+ Qxf5 45. Rxf5 Rd8 46. Ke3 Rd1 47. Rf7+ Kg6 48. Rxa7 Rb1 49. b3 Rb2 50. g3 Rg2 51.
Kf3 Rc2 52. Ra6 Kf5 53. Rxb6 Rxa2 54. Rxh6 Ra3 55. Rb6 Ra2 56. g4+ Kg5 57. Kg3 Rb2 58. Rb5+ Kf6 59. g5+ Kg6 60. Kf4 Rf2+ 61. Ke4 Rb2 62.
Kd4 Rd2+ 63. Kc3 Rg2 64. b4 Rg4 65. Kb3 Rg3+ 66. Ka4 Rg4 67. Ka5 1-0

[Event "*** Titled Tuesday 3|2 Blitz"]
[Site "Chess.com"]
[Date "2015.08.04"]
[Round "1"]
[White "Haridaskesavan"]
[Black "GMBenjaminBok"]
[Result "0-1"]
[WhiteElo "2037"]
[BlackElo "2432"]
[TimeControl "180+2"]
[EndTime "11:40:18 PDT"]
[Termination "GMBenjaminBok won by checkmate"]

1. a3 e5 2. g3 d5 3. Bg2 Nf6 4. e3 Nc6 5. Ne2 Be7 6. d4 e4 7.
O-O Bf5 8. Nd2 Qd7 9. c4 dxc4 10. Nxc4 Bh3 11. b4 Bxg2 12. Kxg2 Qf5 13. Ng1 h5 14. b5 Qxb5 15. Qc2 O-O-O 16. Rb1 Qf5 17.
Qa4 h4 18. Qb5 Qxb5 19. Rxb5 a6 20. Rb3 b5 21. Nd2 Na5 22. Rb1 c5 23. Bb2 Kb7 24.
f3 hxg3 25. hxg3 exf3+ 26. Ngxf3 Ng4 27. Rfe1 Rde8 28. Ne4 Nc4 29. Bc1 cxd4 30. exd4 f5 31. Nc3 Bd6 32. Bf4 Bxf4 33. gxf4 Nce3+ 34. Kg3 Rh6 35. Rh1 Reh8 36. Rxh6 gxh6 37. Ne5 Rg8 38. d5 Nxe5+ 39. Kf2 N3g4+ 40. Ke2 Nc4 41. Rd1 Re8+ 42. Kf3 Re3+ 43. Kg2 Rxc3 44. Rd4 Kc7 45. d6+ Nxd6 46. Rd2 Ne4 47. Rb2 h5 48. a4 h4 49. axb5 h3+ 50.
Kf1 axb5 51. Rb1 Rc2 52. Rd1 Ng3+ 53. Ke1 Re2# 0-1

[Event "*** Titled Tuesday 3|2 Blitz"]
[Site "Chess.com"]
[Date "2015.08.04"]
[Round "1"]
[White "LyonBeast"]
[Black "Tobi-Wan-Kenobi"]
[Result "1-0"]
[WhiteElo "2690"]
[BlackElo "2231"]
[TimeControl "180+2"]
[EndTime "11:41:07 PDT"]
[Termination "LyonBeast won by resignation"]

1. e4 c5 2. Nf3 d6 3. d4 cxd4 4.
Nxd4 Nf6 5. Nc3 Nc6 6. Bc4 e6 7. Be3 Be7 8. Qe2 a6 9. Bb3 O-O 10.
O-O-O Qc7 11. Rhg1 b5 12. g4 b4 13. Nd5 Nxd5 14. Nxc6 Nxe3 15. Nxe7+ Qxe7 16. Qxe3 a5 17. g5 a4 18. Bc4 Ba6 19. Bxa6 Rxa6 20. Rd4 Rb8 21. Kb1 Qc7 22. Qd2 b3 23. cxb3 axb3 24. a3 Rc6 25. Rc1 Rc8 26. Rxc6 Qxc6 27. Rb4 g6 28. f3 Qa6 29. Rxb3 Qf1+ 30. Ka2 Rc1 31. Rb8+ Kg7 32. Qd4+ e5 33. Qxd6 Ra1+ 34. Kb3 Qxf3+ 35.
Kb4 Qxe4+ 36. Ka5 Qe1+ 37. Ka6 Qe2+ 38. Rb5 Rb1 39. Qf6+ Kg8 40. Qd8+ Kg7 41. b4 Ra1 42. Qf6+ Kg8 43. Qd8+ Kg7 44. Qa5 Qd3 45. a4 Qc3 46. Kb7 Qc2 47. Qb6 Qxa4 48. Ra5 Qd7+ 49. Qc7 Qxc7+ 50.
Kxc7 Rb1 51. b5 e4 52. b6 e3 53. Re5 Rc1+ 54. Kb8 f6 55. Re7+ Kf8 56. Rxe3 Rb1 57. b7 fxg5 58. Re5 Kf7 59. Kc7 Kf6 60. Rc5 Rxb7+ 61. Kxb7 h5 62. Kc6 g4 63. Kb5 h4 64.
Kc4 g3 65. hxg3 h3 66. Kd3 h2 67. Rc1 Kg5 68. Ke3 Kg4 69. Kf2 Kh3 70. Rh1 g5 71. g4 Kxg4 72. Rxh2 1-0

[Event "*** Titled Tuesday 3|2 Blitz"]
[Site "Chess.com"]
[Date "2015.08.04"]
[Round "1"]
[White "silverback96"]
[Black "GregShahade"]
[Result "0-1"]
[WhiteElo "1892"]
[BlackElo "2304"]
[TimeControl "180+2"]
[EndTime "11:41:28 PDT"]
[Termination "GregShahade won by resignation"]

1. d4 Nf6 2. c4 e6 3. g3 Bb4+ 4. Bd2 Qe7 5. Nf3 Nc6 6. Nc3 O-O 7.
Bg2 Na5 8. c5 Nc4 9. Bg5 Bxc3+ 10. bxc3 d5 11. Ne5 h6 12. Bxf6 Qxf6 13. Nxc4 dxc4 14.
O-O Rb8 15. Qa4 Bd7 16. Qxc4 a6 17. Rab1 Bb5 18. Qb4 Bxe2 19. Rfe1 Bd3 20. Rb2 b5 21. Re3 Bc4 22. Bf1 Bxf1 23. Kxf1 c6 24. Qa5 Ra8 25.
Rbe2 Qf5 26. Kg2 Qd5+ 27. f3 Rfc8 28. Re5 Qc4 29. R5e3 Qd5 30. Re5 Qc4 31. Rb2 Qd3 32.
Rbe2 Qd1 33. h4 g6 34. h5 g5 35. Qb4 a5 36. Qb2 Qd3 37. R2e3 Qd1 38. Re1 Qd3 39.
R1e3 Qh7 40. f4 gxf4 41. gxf4 Kh8 42. Kh2 Rg8 43. Re2 Rg7 44. Rg2 Rag8 45. Ree2 Qf5 46.
Rxg7 Qxh5+ 47. Kg1 Rxg7+ 48. Rg2 Qd1+ 49. Kh2 Qh5+ 50.
Kg1 Qf3 51. Rxg7 Kxg7 52. c4 Qg3+ 53. Kf1 Qd3+ 54. Kg2 bxc4 55. Qf2 Qe4+ 56. Kh3 Qf5+ 57. Kh4 Qf6+ 58. Kh5 Qg6+ 59. Kh4 c3 60. f5 Qg5+ 61.
Kh3 Qxf5+ 62. Qxf5 exf5 0-1

[Event "*** Titled Tuesday 3|2 Blitz"]
[Site "Chess.com"]
[Date "2015.08.04"]
[Round "2"]
[White "FMCouch"]
[Black "dabee"]
[Result "0-1"]
[WhiteElo "2122"]
[BlackElo "2445"]
[TimeControl "180+2"]
[EndTime "11:45:18 PDT"]
[Termination "dabee won by resignation"]

1. e4 e6 2. d4 d5 3. Nc3 dxe4 4. Nxe4 Bd7 5. Bd3 Bc6 6. Nf3 Nd7 7. O-O Ngf6 8. Ng3 Be7 9. Re1 Bxf3 10. Qxf3 c6 11. b3 O-O 12. Bb2 a5 13. c4 a4 14.
h4 h6 15. Re2 axb3 16. axb3 Rxa1+ 17. Bxa1 Qa5 18. Bb2 Re8 19. Kh2 Bd6 20. Kh3 Qc7 21. Nf5 exf5 22. Rxe8+ Nxe8 23. Qxf5 Ndf6 24. g4 Qd7 25.
Qf3 h5 0-1

[Event "*** Titled Tuesday 3|2 Blitz"]
[Site "Chess.com"]
[Date "2015.08.04"]
[Round "2"]
[White "Caminator2000"]
[Black "aNONoNonono"]
[Result "0-1"]
[WhiteElo "2015"]
[BlackElo "2006"]
[TimeControl "180+2"]
[EndTime "11:46:08 PDT"]
[Termination "aNONoNonono won by resignation"]

1. d4 Nf6 2. Nf3 e6 3. Bf4 b6 4.
h3 Bb7 5. e3 Be7 6. Bd3 Ne4 7.
O-O O-O 8. Nfd2 Nxd2 9. Nxd2 d5 10. e4 dxe4 11. Bxe4 Bxe4 12. Nxe4 Nd7 13. c4 Nf6 14. Nc3 c5 15. d5 exd5 16. cxd5 Bd6 17. Bg5 h6 18.
Bxf6 Qxf6 19. Re1 Rfe8 20. Ne4 Qd8 21. Qd2 f5 22. Nc3 a6 23. Re6 Rxe6 24. dxe6 Bh2+ 0-1

[Event "*** Titled Tuesday 3|2 Blitz"]
[Site "Chess.com"]
[Date "2015.08.04"]
[Round "2"]
[White "facu57"]
[Black "ChessMavenYeti"]
[Result "1-0"]
[WhiteElo "2398"]
[BlackElo "2038"]
[TimeControl "180+2"]
[EndTime "11:46:24 PDT"]
[Termination "facu57 won by resignation"]

1. e3 e6 2. e4 d5 3. d3 Nf6 4. Nd2 dxe4 5. dxe4 e5 6. Ngf3 Bg4 7. Bc4 Nbd7 8. h3 Bh5 9. g4 Bg6 10. Qe2 Bc5 11.
c3 Qe7 12. b4 Bb6 13. a4 a5 14. Ba3 axb4 15. Bxb4 Bc5 16. O-O Bxb4 17. cxb4 Qxb4 18. Rfb1 Qc5 19. Rxb7 O-O 20. Bb5 c6 21. Rc7 Rfc8 22. Rxc8+ Rxc8 23. Bc4 Nb6 24. a5 Nxc4 25. Qxc4 Qxc4 26.
Nxc4 Bxe4 27. Nfxe5 Ra8 28. a6 Kf8 29. a7 Nd5 30. Nd7+ Ke7 31. Ndb6 Nxb6 32. Nxb6 c5 33. Nxa8 Bxa8 34. Rb1 c4 35. Rb8 1-0

[Event "*** Titled Tuesday 3|2 Blitz"]
[Site "Chess.com"]
[Date "2015.08.04"]
[Round "2"]
[White "Hikaru"]
[Black "tac49"]
[Result "1-0"]
[WhiteElo "2867"]
[BlackElo "2450"]
[TimeControl "180+2"]
[EndTime "11:46:50 PDT"]
[Termination "Hikaru won by resignation"]

1. b3 Nf6 2. Bb2 g6 3. e3 Bg7 4. Nf3 O-O 5. d4 d6 6. c4 Nbd7 7. Be2 e5 8. dxe5 Ng4 9. Nc3 Ngxe5 10. O-O b6 11. Nxe5 Nxe5 12. f4 Nd7 13. Bf3 Rb8 14. Qd2 a5 15. Nd5 Bb7 16. Bxg7 Kxg7 17. Qc3+ f6 18.
Rad1 Kg8 19. Qd2 f5 20. e4 fxe4 21. Bxe4 Nc5 22. Bc2 Bxd5 23. Qxd5+ Kg7 24. f5 Qg5 25. f6+ Kh6 26. Rf3 Qxd5 27. Rxd5 1-0

[Event "*** Titled Tuesday 3|2 Blitz"]
[Site "Chess.com"]
[Date "2015.08.04"]
[Round "2"]
[White "Tesla37"]
[Black "Cryptochess"]
[Result "1-0"]
[WhiteElo "2518"]
[BlackElo "2357"]
[TimeControl "180+2"]
[EndTime "11:46:52 PDT"]
[Termination "Tesla37 won by resignation"]

1. e4 d6 2. d4 Nf6 3. Nc3 g6 4. Be3 c6 5. h3 e5 6. dxe5 dxe5 7.
Qxd8+ Kxd8 8. O-O-O+ Kc7 9. f4 Nbd7 10. Nf3 Bd6 11. Rxd6 Kxd6 12. Bc4 Re8 13. fxe5+ Nxe5 14. Rd1+ Nd5 15. Nxe5 Kxe5 16. exd5 cxd5 17. Nxd5 Bf5 18. Bf4+ Ke4 19. c3 Bxh3 20. gxh3 Red8 21. Rd4+ Kf3 22. Bg5 Rd6 23. Rd3+ Kf2 24. Bh4+ Kg1 25. Bg3 Rc6 26. Ne3 1-0

[Event "*** Titled Tuesday 3|2 Blitz"]
[Site "Chess.com"]
[Date "2015.08.04"]
[Round "2"]
[White "Imre91"]
[Black "Konavets"]
[Result "1-0"]
[WhiteElo "2601"]
[BlackElo "2460"]
[TimeControl "180+2"]
[EndTime "11:47:01 PDT"]
[Termination "Imre91 won by resignation"]

1. d4 Nf6 2. Nf3 d5 3. c4 e6 4. g3 Bb4+ 5. Bd2 Be7 6. Qc2 O-O 7. Bg2 Nc6 8. O-O Nb4 9. Bxb4 Bxb4 10. Rd1 c6 11. Nc3 dxc4 12. Ne5 Nd5 13. Nxc4 b6 14. e4 Nf6 15. a3 Be7 16. d5 exd5 17. exd5 cxd5 18. Nxd5 Nxd5 19. Bxd5 Bg4 20. Bxf7+ Rxf7 21. Rxd8+ Rxd8 22. Ne5 Be6 23. Nxf7 Bxf7 24. Rd1 Rxd1+ 25. Qxd1 Bf6 26. b4 a5 27. Qd6 h6 28. Qxb6 a4 29.
b5 Bb2 30. Qd6 1-0

[Event "*** Titled Tuesday 3|2 Blitz"]
[Site "Chess.com"]
[Date "2015.08.04"]
[Round "2"]
[White "BjarkeSahl"]
[Black "rhungaski"]
[Result "0-1"]
[WhiteElo "2127"]
[BlackElo "2496"]
[TimeControl "180+2"]
[EndTime "11:47:21 PDT"]
[Termination "rhungaski won by resignation"]

1. d4 d5 2. c4 dxc4 3. Nf3 Nf6 4. e3 e6 5. Bxc4 a6 6. O-O c5 7. Nc3 b5 8. Bd3 Bb7 9. Qe2 Nbd7 10. Rd1 Qb6 11.
a3 c4 12. Bc2 Bd6 13. e4 e5 14. Be3 Qc7 15. dxe5 Nxe5 16. Nd5 Bxd5 17. exd5 Nxf3+ 18. Qxf3 O-O 19. g3 Rad8 20. Bg5 Be5 21. Bxf6 Bxf6 22.
Qf5 Rfe8 23. Qxh7+ Kf8 24. Qh8+ Ke7 25. Re1+ Be5 26.
Qxg7 Kd6 27. Rxe5 Rxe5 28. Qf6+ Kc5 29. Rd1 Qd6 30. b4+ cxb3 31. Qxd6+ Kxd6 32. Bxb3 Rc8 33. Rd3 a5 34. h4 a4 35. Bd1 Rxd5 0-1

[Event "*** Titled Tuesday 3|2 Blitz"]
[Site "Chess.com"]
[Date "2015.08.04"]
[Round "2"]
[White "Beca95"]
[Black "Danirod"]
[Result "1-0"]
[WhiteElo "2563"]
[BlackElo "2392"]
[TimeControl "180+2"]
[EndTime "11:47:28 PDT"]
[Termination "Beca95 won by resignation"]

1. d4 Nf6 2. c4 e6 3. Nf3 Bb4+ 4.
Nbd2 d5 5. g3 O-O 6. Bg2 c5 7.
dxc5 Bxc5 8. O-O Nc6 9. a3 a5 10. Qc2 dxc4 11. Nxc4 Qe7 12. Rd1 e5 13. Bg5 h6 14.
Bxf6 Qxf6 15. Ncd2 Ba7 16. Ne4 Qe7 17. Nd6 Rd8 18.
Nxc8 Raxc8 19. Rxd8+ Rxd8 20. e3 Qd6 21. Bf1 Qd5 22. Be2 e4 23. Rd1 Qe6 24. Rxd8+ Nxd8 25. Nd2 Nc6 26. Qxe4 Qa2 27. Qe8+ Kh7 28. Bd3+ g6 29. Bc4 Qxb2 30. Bxf7 Qg7 31. Ne4 h5 32. h4 Ne5 33.
Ng5+ Kh6 34. Bd5 Qf6 35. Qxe5 Qxe5 36. Nf7+ 1-0

[Event "*** Titled Tuesday 3|2 Blitz"]
[Site "Chess.com"]
[Date "2015.08.04"]
[Round "2"]
[White "aripov96"]
[Black "Tacticus_Severus"]
[Result "1-0"]
[WhiteElo "2237"]
[BlackElo "2073"]
[TimeControl "180+2"]
[EndTime "11:47:51 PDT"]
[Termination "aripov96 won on time"]

1. Nf3 d5 2. d4 Nf6 3. c4 c6 4. Nc3 dxc4 5. e3 b5 6. a4 b4 7. Na2 e6 8. Bxc4 Be7 9. O-O O-O 10. a5 Qxa5 11. Bd2 Qb6 12. Qb3 a5 13. Nxb4 c5 14.
dxc5 Bxc5 15. Nd3 Qxb3 16. Bxb3 Bb6 17. Nde5 Nbd7 18. Nc4 Rb8 19. Ba4 Nc5 20. Nxb6 1-0

[Event "*** Titled Tuesday 3|2 Blitz"]
[Site "Chess.com"]
[Date "2015.08.04"]
[Round "2"]
[White "Genghis_K"]
[Black "jefferyx"]
[Result "0-1"]
[WhiteElo "2570"]
[BlackElo "2449"]
[TimeControl "180+2"]
[EndTime "11:47:56 PDT"]
[Termination "jefferyx won by resignation"]

1. e4 a6 2. d4 b5 3. Bd3 Bb7 4.
Qe2 e6 5. Nf3 Nf6 6. O-O d5 7.
e5 Nfd7 8. Nbd2 c5 9. c3 Nc6 10. Re1 Be7 11. Nf1 g5 12. dxc5 Nxc5 13. Bc2 Nd7 14. Ng3 h5 15. h3 g4 16. hxg4 hxg4 17. Nd4 Ncxe5 18. Bf4 Bd6 19. Ngf5 exf5 20. Nxf5 Bc7 21. Qxg4 Qf6 22. Bg5 Rg8 23. Bxf6 Rxg4 24. Bxe5 Nxe5 25. f3 Rf4 26. Ng7+ Kf8 27. Nh5 Rh4 28.
Nf6 Kg7 29. g3 Nxf3+ 0-1

[Event "*** Titled Tuesday 3|2 Blitz"]
[Site "Chess.com"]
[Date "2015.08.04"]
[Round "2"]
[White "Aygehovit1992"]
[Black "josiwales"]
[Result "0-1"]
[WhiteElo "2383"]
[BlackElo "2062"]
[TimeControl "180+2"]
[EndTime "11:48:28 PDT"]
[Termination "josiwales won by checkmate"]

1. e4 c5 2. Nf3 Nc6 3. Bb5 Na5 4.
O-O a6 5. Be2 b5 6. d4 c4 7. Bg5 h6 8. Bh4 g5 9. Bg3 Bg7 10.
Nbd2 e6 11. c3 Ne7 12. e5 Nf5 13. Ne4 O-O 14. h3 Bb7 15. Nc5 Bd5 16. Nh2 Nxg3 17. fxg3 d6 18. exd6 Qxd6 19. Bf3 Qxg3 20. Bxd5 exd5 21.
Ng4 f5 22. Rf3 Qd6 23. Ne3 f4 24. Ng4 h5 25. Nf2 Rae8 26. a4 b4 27. Qc2 b3 28.
Qd2 Re7 29. Re1 Rfe8 30. Rxe7 Rxe7 31. Kf1 Nb7 32. Nxb7 Rxb7 33. Nd1 Re7 34. Rf2 Bh6 35. Re2 g4 36. Rxe7 Qxe7 37. Nf2 g3 38. Nd1 f3 39.
Qxh6 Qe2+ 40. Kg1 Qxg2# 0-1

[Event "*** Titled Tuesday 3|2 Blitz"]
[Site "Chess.com"]
[Date "2015.08.04"]
[Round "2"]
[White "Colombiano07"]
[Black "Just-Live-Simply"]
[Result "1-0"]
[WhiteElo "1973"]
[BlackElo "1969"]
[TimeControl "180+2"]
[EndTime "11:48:50 PDT"]
[Termination "Colombiano07 won by checkmate"]

1. e4 e6 2. d4 d5 3. Nc3 Bb4 4.
Ne2 dxe4 5. a3 Be7 6. Nxe4 Nf6 7. N2c3 Nbd7 8. Bd3 O-O 9. O-O b6 10. Qf3 Rb8 11.
Qh3 Bb7 12. Bg5 Nxe4 13. Bxe7 Qxe7 14. Nxe4 h6 15. Rfe1 Nf6 16. c3 Nxe4 17. Bxe4 Bxe4 18.
Rxe4 Qd7 19. Rae1 c5 20. Rg4 Kh8 21. Qg3 f5 22. Rg6 cxd4 23. cxd4 Qxd4 24. Rgxe6 f4 25. Qg6 f3 26. g3 Qxb2 27. Re7 Qf6 28. Qxf6 Rxf6 29.
Rxa7 Rc8 30. h3 Rc2 31. g4 Rd6 32. Re8+ Kh7 33. Ree7 Rd1+ 34. Kh2 Rxf2+ 35. Kg3 Rdd2 36.
Rxg7+ Kh8 37. Rgb7 Rg2+ 38. Kxf3 Rdf2+ 39. Ke3 Re2+ 40. Kd3 Rd2+ 41. Kc4 Rc2+ 42. Kb5 Rb2+ 43. Ka6 Rbf2 44. Ra8+ Rf8 45. Rxf8# 1-0

[Event "*** Titled Tuesday 3|2 Blitz"]
[Site "Chess.com"]
[Date "2015.08.04"]
[Round "2"]
[White "FairChess_on_YouTube"]
[Black "Keaton87"]
[Result "1-0"]
[WhiteElo "2756"]
[BlackElo "2436"]
[TimeControl "180+2"]
[EndTime "11:48:58 PDT"]
[Termination "FairChess_on_YouTube won by resignation"]

1. d4 d5 2. c4 e6 3. Nc3 Be7 4. Bf4 Nf6 5. Nf3 O-O 6. e3 b6 7. cxd5 Nxd5 8. Bg3 Bb7 9. Bd3 c5 10. O-O cxd4 11. exd4 Nc6 12. Re1 Rc8 13. Nxd5 Qxd5 14. Be4 Qd7 15. d5 exd5 16. Qxd5 Qxd5 17. Bxd5 Bf6 18.
Ne5 Bxe5 19. Bxe5 Nxe5 20. Bxb7 Rc7 21. Ba6 Ng4 22. h3 Nf6 23. Rad1 g6 24. Re2 Kg7 25. g3 h5 26. h4 Rb8 27. a4 Ng8 28. Kg2 Ne7 29. Red2 Nf5 30. Rd7 Rc2 31. Bd3 Ne3+ 32. Kf3 Nxd1 33. Bxc2 Nxb2 34. Bb3 Rf8 35. Rd2 Nxa4 36.
Bxa4 Rc8 37. Rd7 a5 38. Rb7 Rc4 39. Be8 1-0

[Event "*** Titled Tuesday 3|2 Blitz"]
[Site "Chess.com"]
[Date "2015.08.04"]
[Round "2"]
[White "proxy6"]
[Black "Lying-Ted"]
[Result "0-1"]
[WhiteElo "1899"]
[BlackElo "2015"]
[TimeControl "180+2"]
[EndTime "11:49:03 PDT"]
[Termination "Lying-Ted won by resignation"]

1. e4 Nf6 2. e5 Nd5 3. d4 d6 4. c4 Nb6 5. exd6 cxd6 6. Nc3 g6 7. Be3 Bg7 8. Rc1 O-O 9. Bd3 Nc6 10. Nge2 e5 11.
d5 Nb4 12. b3 f5 13. f4 Nd7 14. O-O b6 15. a3 Nxd3 16. Qxd3 e4 17. Qb1 Nc5 18.
Bxc5 bxc5 19. b4 Rb8 20. Rc2 cxb4 21. axb4 Qb6+ 22. Kh1 Qxb4 23. Qxb4 Rxb4 24. Nb5 Rd8 25. Nxa7 Bd7 26. Rfc1 Ra8 27. Nc6 Bxc6 28. dxc6 Rc8 29.
c5 d5 30. Nc3 Bxc3 31. Rxc3 Rxc6 32. Kg1 Kf7 33. Ra3 d4 34. Ra7+ Ke6 35. Rxh7 Kd5 36. Rd7+ Ke6 37. Rg7 Kf6 38. Rd7 Rb5 39. Rd5 d3 40. Kf2 Rb2+ 41. Kf1 Rc2 42. Ra1 R2xc5 43. Rxc5 Rxc5 44. Rd1 Rc2 45. h3 Ke6 46. g3 Kd5 47. h4 Kd4 48. Kg1 Ke3 49. Kf1 Kf3 0-1

[Event "*** Titled Tuesday 3|2 Blitz"]
[Site "Chess.com"]
[Date "2015.08.04"]
[Round "2"]
[White "NMJeevanK"]
[Black "Haridaskesavan"]
[Result "1-0"]
[WhiteElo "2029"]
[BlackElo "2028"]
[TimeControl "180+2"]
[EndTime "11:49:15 PDT"]
[Termination "NMJeevanK won on time"]

1. e4 e5 2. Nf3 Nc6 3. Bb5 a6 4. Ba4 d6 5. c3 Ne7 6. h3 g6 7.
O-O Bg7 8. d4 O-O 9. Be3 h6 10.
Re1 f5 11. exf5 Nxf5 12. Bc2 Nxe3 13. fxe3 exd4 14. Bxg6 dxe3 15. Rxe3 Qf6 16. Bc2 Ne5 17. Nbd2 Bd7 18. Nxe5 Qf2+ 19. Kh1 Bxe5 20. Rf3 Rxf3 21. Nxf3 Rf8 22. Nxe5 Bxh3 23. Qd5+ Kg7 24. gxh3 Qxc2 25.
Rg1+ Kh7 26. Qxb7 1-0